 Dungeon Sprint DCSS version 0.17-a0-18-gc25b939 (webtiles) character file.

10 Ololoev the Firebug (level 2, -9/17 HPs)
             Began as an Octopode Fire Elementalist on Mar 12, 2015.
             Splashed by an oklob sapling's acid (16 damage)
             ... in the Dungeon (Sprint IV: "Fedhas' Mad Dash").
             The game lasted 00:02:01 (107 turns).

Ololoev the Firebug (Octopode Fire Elementalist)     Turns: 107, Time: 00:02:03

Health: -9/17      AC:  1    Str:  7    XL:     2   Next: 20%
Magic:  3/5        EV: 12    Int: 17    God:
Gold:   0          SH:  0    Dex: 12    Spells: 1 memorised, 5 levels left

rFire  . . .     SeeInvis .     (no weapon)
rCold  . . .     Clarity  .     (no shield)
rNeg   . . .     SustAb   .     (helmet restricted)
rPois  .         Gourm    .     (no amulet)
rElec  .         Spirit   .     (no ring)
rCorr  .         Warding  .     (no ring)
rMut   .         NoTele   +     (no ring)
MR     .....                    (no ring)
Stlth  +++.......               (no ring)
                                (no ring)
                                (no ring)
                                (no ring)

@: not resistant to hostile enchantments, fairly stealthy
A: almost no armour, amphibious, 8 rings, constrict 8, camouflage 1, gelatinous
body 1
a: no special abilities


You were in the Dungeon.
You were not hungry.

You visited 1 branch

Notes
Turn   | Place    | Note
--------------------------------------------------------------
     0 | D        | Ololoev, the Octopode Fire Elementalist, began the quest for the Orb.
     0 | D        | Reached XP level 1. HP: 11/11 MP: 3/3
     7 | D        | Reached XP level 2. HP: 17/17 MP: 1/5
   100 | D        | Noticed an oklob sapling
   107 | D        | Splashed by an oklob sapling's acid

Inventory:

Scrolls
 i - a scroll of blinking
Potions
 d - a potion of curing
 e - a potion of heal wounds
 f - a potion of haste
 g - 2 potions of magic
 h - a potion of berserk rage
Books
 b - a book of Flames

   Spells                             Type                      Level
   a - Flame Tongue                   Conjuration/Fire             1
   b - Throw Flame                    Conjuration/Fire             2
   c - Conjure Flame                  Conjuration/Fire             3
   d - Inner Flame                    Hexes/Fire                   3
   e - Sticky Flame                   Conjuration/Fire             4
   f - Fireball                       Conjuration/Fire             5
Comestibles
 c - a bread ration

Table legend:
 A = Turns spent in this place as a percentage of turns spent in the entire game.
 B = Non-inter-level travel turns spent in this place as a percentage of non-inter-level travel turns spent in the entire game.
 C = Inter-level travel turns spent in this place as a percentage of turns spent in this place.
 D = Turns resting spent in this place as a percentage of non-inter-level travel turns spent in this place.
 E = Turns spent auto-exploring this place as a percentage of non-inter-level travel turns spent in this place.
 F = Non-inter-level travel turns spent in this place divided by the number of levels of this place that you've seen.
                   A       B       C       D       E      F
               +-------+-------+-------+-------+-------+----------------------
         Total | 100.0 | 100.0 |   0.0 |  11.4 |   0.0 |  35.0
       Dungeon | 100.0 | 100.0 |   0.0 |  11.4 |   0.0 |  35.0
               +-------+-------+-------+-------+-------+----------------------


   Skills:
 - Level 2.0 Dodging
 - Level 2.6 Stealth
 - Level 2.6 Spellcasting
 * Level 3.1 Conjurations
 + Level 3.7 Fire Magic


You had 5 spell levels left.
You knew the following spells:

 Your Spells              Type           Power        Failure   Level  Hunger
a - Flame Tongue          Conj/Fire      ##...        4%          1    #......


Dungeon Overview and Level Annotations

Branches:
Dungeon (1/1)

Altars:

Annotations:
D exclusion: oklob sapling


Innate Abilities, Weirdness & Mutations

You cannot wear most types of armour.
You are amphibious.
You can wear up to eight rings at the same time.
You can use your tentacles to constrict many enemies at once.
Your skin changes colour to match your surroundings (Stealth).
Your rubbery body absorbs attacks (AC +1).


Message History

You open the door.
There is an open door here.
You see here a scroll labeled STRIREB ZAFUGE.
a - a scroll labeled STRIREB ZAFUGE The rat closely misses you.
You barely miss the rat. Your grab misses the rat. The rat bites you.
You tentacle-slap the rat.
You kill the rat!
Read which item? (? for menu, Esc to quit)
As you read the scroll labeled STRIREB ZAFUGE, it crumbles to dust.
It is a scroll of identify.
You don't have any unidentified items.
You start resting.
HP restored.
You open the door.
Found 18 gold pieces.
Marking area around the oklob sapling as unsafe for travelling.
An oklob sapling comes into view.
Found 12 gold pieces.
Casting: Flame Tongue
Confirm with . or Enter, or press ? or * to list all spells.
Aiming: Flame Tongue
Press: ? - help, Shift-Dir - straight line, f - oklob sapling
Aim: an oklob sapling (resting)
The flame tongue hits the oklob sapling.
The oklob sapling appears unharmed.
Really walk into a travel-excluded area?
Casting: Flame Tongue
Confirm with . or Enter, or press ? or * to list all spells.
Aiming: Flame Tongue
Press: ? - help, Shift-Dir - straight line, f/p - oklob sapling
Aim: an oklob sapling The flame tongue hits the oklob sapling.
The oklob sapling is moderately damaged.
The oklob sapling spits acid at you. The splash of acid hits you!
Ouch! That really hurt!
The acid burns!
Ouch! That really hurt!
You die...

##################
#<..P#.....#.$$$$#
#PP..'...@.'.#
#PPPP#.....#P#
############ #


You could see an oklob sapling.

Table legend:
 A = Kills in this place as a percentage of kills in entire the game.
 B = Kills by you in this place as a percentage of kills by you in the entire game.
 C = Kills by friends in this place as a percentage of kills by friends in the entire game.
 D = Other kills in this place as a percentage of other kills in the entire game.
 E = Experience gained in this place as a percentage of experience gained in the entire game.
 F = Experience gained in this place divided by the number of levels of this place that you have seen.
                   A       B       C       D       E      F
               +-------+-------+-------+-------+-------+----------------------
         Total | 100.0 | 100.0 |  -nan |  -nan | 100.0 |  15.0
       Dungeon | 100.0 | 100.0 |  -nan |  -nan | 100.0 |  15.0
               +-------+-------+-------+-------+-------+----------------------

Vanquished Creatures
  A river rat (D)
  A rat (D)
2 creatures vanquished.

Action                   || total
-------------------------++-------
Melee: Unarmed           ||     2
 Cast: Flame Tongue      ||     4
  Use: Scroll            ||     1

Vault maps used:
D:        dungeon_sprint_fedhas
